 Dungeon Crawl Stone Soup version 0.21.0-37-g46506fa (webtiles) character file.

980 tidbits the Digger (level 8, -1/58 HPs)
             Began as a Gnoll Earth Elementalist on Jan 31, 2018.
             Was a Follower of Cheibriados.
             Shot with a sling bullet by Joseph (4 damage)
             ... on level 7 of the Dungeon on Feb 1, 2018.
             The game lasted 00:19:51 (1384 turns).

tidbits the Digger (Gnoll Earth Elementalist)       Turns: 1384, Time: 00:19:52

Health: -1/58      AC:  2    Str: 14    XL:     8   Next: 17%
Magic:  14/16      EV: 20    Int: 21    God:    Cheibriados [*.....]
Gold:   82         SH:  4    Dex: 17    Spells: 3/18 levels left

rFire    . . .     SeeInvis .   a - +0 dagger
rCold    + . .     Gourm    .   (no shield)
rNeg     . . .     Faith    .   B - +0 robe
rPois    .         Spirit   .   (no helmet)
rElec    .         Reflect  +   (no cloak)
rCorr    .         Harm     .   (no gloves)
MR       .....                  (no boots)
Stlth    ++++......             v - +4 amulet of reflection
HPRegen  0.19/turn              n - ring of stealth
MPRegen  0.15/turn              V - +4 ring of evasion

@: very slow
A: distributed training, fangs 1, cold resistance 1, sense surroundings 1,
strong nose
a: Bend Time, Renounce Religion


You were on level 7 of the Dungeon.
You worshipped Cheibriados.
Cheibriados was aware of your devotion.
You were full.

You visited 2 branches of the dungeon, and saw 10 of its levels.
You also visited: Sewer.

You collected 112 gold pieces.
You spent 30 gold pieces at shops.

Inventory:

Hand Weapons
 a - a +0 dagger (weapon)
 b - a +4 flail
Missiles
 t - 148 stones (quivered)
Armour
 d - the +1 ring mail of Xofumum {rF+ Int+2 Stlth-}
   (You found it in a sewer)

   It affects your intelligence (+2).
   It protects you from fire.
   It makes you less stealthy.
 u - a +0 buckler
 B - a +0 robe (worn)
Jewellery
 n - a ring of stealth (left hand)
   (You found it on level 2 of the Dungeon)
 q - an uncursed ring of protection from fire
   (You found it on level 4 of the Dungeon)
 r - an uncursed ring of stealth
   (You found it on level 7 of the Dungeon)
 v - a +4 amulet of reflection (around neck)
   (You found it on level 5 of the Dungeon)
 V - a +4 ring of evasion (right hand)
   (You found it on level 6 of the Dungeon)
Wands
 p - a wand of paralysis (4)
Scrolls
 f - 2 scrolls of teleportation
 h - a scroll of blinking {unknown}
 i - a scroll of enchant weapon {unknown}
 j - a scroll of amnesia {unknown}
 k - a scroll of enchant armour {unknown}
 l - 3 scrolls of remove curse
 w - 2 scrolls of random uselessness
Potions
 g - 2 potions of brilliance {unknown}
 m - a potion of mutation {!q}
 o - a potion of flight {unknown}
Books
 e - a book of Geomancy

   Spells                             Type                      Level
   a - Sandblast                      Earth                        1
   b - Passwall                       Transmutation/Earth          2
   c - Stone Arrow                    Conjuration/Earth            3
   d - Petrify                        Transmutation/Earth          4
   e - Lee's Rapid Deconstruction     Earth                        5
Comestibles
 c - 4 rations


   Skills:
 + Level 3.0 Fighting
 + Level 3.0 Short Blades
 + Level 3.0 Long Blades
 + Level 3.0 Axes
 + Level 3.0 Maces & Flails
 + Level 3.0 Polearms
 + Level 3.0 Staves
 + Level 3.0 Slings
 + Level 3.0 Bows
 + Level 3.0 Crossbows
 + Level 3.0 Throwing
 + Level 3.0 Armour
 + Level 5.5 Dodging
 + Level 5.2 Stealth
 + Level 3.0 Shields
 + Level 3.0 Unarmed Combat
 + Level 5.8 Spellcasting
 + Level 2.4 Conjurations
 + Level 2.4 Hexes
 + Level 2.4 Charms
 + Level 2.4 Summonings
 + Level 2.4 Necromancy
 + Level 2.4 Translocations
 + Level 3.2 Transmutations
 + Level 2.4 Fire Magic
 + Level 2.4 Ice Magic
 + Level 2.4 Air Magic
 + Level 6.0 Earth Magic
 + Level 2.4 Poison Magic
 + Level 3.2 Invocations
 + Level 3.0 Evocations


You had 3 spell levels left.
You knew the following spells:

 Your Spells              Type           Power        Failure   Level  Hunger
a - Sandblast             Erth           ####..       1%          1    None
e - Petrify               Tmut/Erth      ####....     14%         4    ####...
j - Stone Arrow           Conj/Erth      ###...       5%          3    ##.....
p - Passwall              Tmut/Erth      ####......   2%          2    None
D - Lee's Rapid Deconstr  Erth           ####......   22%         5    #####..


Dungeon Overview and Level Annotations

Branches:
Dungeon (9/15)             Temple (1/1) D:4
   Lair: D:8-11         Orc: D:9-12

Altars:
Ashenzari
Cheibriados
Dithmenos
Elyvilon
Fedhas
Gozag
Hepliaklqana
Kikubaaqudgha
Makhleb
Nemelex Xobeh
Okawaru
Ru
Sif Muna
Trog
Uskayaw
Wu Jian
Xom
Yredelemnul
Zin
The Shining One

Shops:
D:7 *

Annotations:
D:3 Grinder, Robin
D:7 Joseph
D:8 exclusion: downstairs, wojtek's ghost, novice DsWz


Innate Abilities, Weirdness & Mutations

Your experience applies equally to all skills.
You have very sharp teeth.
Your uncanny sense of smell can sniff out nearby items.
Your flesh is cold resistant. (rC+)
You passively map a small area around you.


Message History

A killer bee comes into view.
The killer bee buzzes angrily.
A gnoll sergeant comes into view. It is wielding a spear.
The gnoll sergeant shouts!
An orc comes into view. It is wielding a dagger.
The orc shouts!
An orc comes into view. It is wielding a falchion.
The orc shouts!
A gnoll comes into view.
The gnoll shouts!
An orc comes into view.
The orc shouts!
A killer bee comes into view.
The killer bee buzzes angrily.
A gnoll comes into view. It is wielding a spear of distortion.
The gnoll shouts!
The killer bee buzzes angrily.
An orc comes into view. It is wielding a short sword.
The orc shouts!
An orc comes into view. It is wielding a falchion.
The orc shouts!
A killer bee comes into view.
The killer bee buzzes angrily.
A killer bee comes into view.
The killer bee buzzes angrily.
You hear an angry buzzing noise.
The orc closely misses you. The killer bee misses you.
The gnoll hits you with a spear of distortion!
* * * LOW HITPOINT WARNING * * *
Space warps horribly around you!
* * * LOW HITPOINT WARNING * * *
The scorpion stings you but does no damage.
The killer bee completely misses you. The killer bee stings you.
* * * LOW HITPOINT WARNING * * *
The gnoll closely misses you.
A killer bee comes into view.
The killer bee buzzes angrily.
A gnoll comes into view. It is wielding a spear.
The gnoll shouts!
A killer bee comes into view.
The killer bee buzzes angrily.
You hear an angry buzzing noise.
A bullfrog comes into view.
The bullfrog gives a loud, deep croak!
Found a ration. 2 killer bees, a queen bee, a scorpion and 2 gnolls come into view.
Okay, then.
Okay, then.
As you read the scroll of fear, it crumbles to dust.
You assume a fearsome visage.
The killer bee looks frightened!
The killer bee buzzes angrily.
The killer bee looks frightened! x5; The queen bee looks frightened!
The killer bee looks frightened! x4; The bullfrog looks frightened!
The gnoll sergeant looks frightened!
The gnoll looks frightened! x3
The gnoll shouts!
The gnoll looks frightened! x2; The scorpion looks frightened!
The orc looks frightened! x5
You hear an angry buzzing noise.
The gnoll begs for mercy.
Unknown command.
Unknown command.
Okay, then.
Unknown command.
Evoke which item? (* to show all) (? for menu, Esc to quit)
Okay, then.
Evoke which item? (* to show all) (? for menu, Esc to quit)
Aiming: Paralyse
Press: ? - help, Shift-Dir - straight line, f - killer bee
Aim: a killer bee (chance to defeat MR: 63%)
Your attack snaps the killer bee out of its fear.
The killer bee suddenly stops moving!
A killer bee comes into view.
The gnoll seems to regain its courage. x2
There is a stone staircase leading up here.
You climb upwards.
There is a stone staircase leading down here.
Unknown command.
Casting: Petrify
Confirm with . or Enter, or press ? or * to list all spells.
Which direction?
You begin to meditate on the wall.
You continue meditating on the rock. x3
You finish merging with the rock.
Found a hand axe.
Joseph, a Mercenary comes into view.
He is wielding a quarterstaff.
Press: ? - help, v - describe, . - travel
Here: Joseph, wielding a quarterstaff and wearing a leather armour (resting)
The floor.
Unknown command.
Evoke which item? (* to show all) (? for menu, Esc to quit)
Aiming: Paralyse
Press: ? - help, Shift-Dir - straight line, f - Joseph
Aim: Joseph, wielding a quarterstaff and wearing a leather armour (resting, chance to defeat MR: 37%) Joseph easily resists.
Evoke which item? (* to show all) (? for menu, Esc to quit)
Aiming: Paralyse
Press: ? - help, Shift-Dir - straight line, f/p - Joseph
Aim: Joseph, wielding a quarterstaff and wearing a leather armour (chance to defeat MR: 37%) Joseph easily resists.
Joseph unwields an uncursed quarterstaff.
Joseph wields a runed hunting sling.
Joseph shoots a sling bullet.
The sling bullet hits you!
* * * LOW HITPOINT WARNING * * *
You die...

, , , ,.. ,, *
, .# * * * .#
*.## ..∆ , *
##. *..# .# *
#.. ##'##*@# *
#.#
###≈≈≈##.#,
#.# #.+≈≈≈+@.#
#.#
#.*≈≈≈#.)...#
#.#
#.##'##.....#
#.#
#.#..##...#.#
, #.#
#...####.##,#*
#.# ###.# .# *
#.# #.# ..***
#.#######.###
##,
#...)...>...#
** ,


You could see Joseph.

Vanquished Creatures
  Prince Ribbit (D:6)
  A water moccasin (D:8)
  A phantom (D:7)
  A necrophage (D:5)
  A centaur (D:6)
  An ogre (D:7)
  A bullfrog (D:7)
  A water moccasin zombie (D:7)
  A hound (D:8)
  An iguana (D:4)
  An orc wizard (D:5)
  A worker ant (D:4)
  A hound skeleton (D:6)
  A howler monkey zombie (D:5)
  4 adders
  A shadow imp (D:5)
  A worm (D:2)
  A dart slug (D:1)
  7 orcs
  5 giant cockroaches
  3 goblins (D:1)
  A hobgoblin (D:1)
  3 jackals (D:8)
  4 kobolds
  A quokka (D:6)
  A bat (D:1)
  3 frilled lizards
  5 rats
54 creatures vanquished.

Notes
Turn   | Place    | Note
-------+----------+-------------------------------------------
     0 | D:1      | tidbits the Gnoll Earth Elementalist began the quest for the Orb.
     0 | D:1      | Reached XP level 1. HP: 13/13 MP: 6/6
    37 | D:1      | Reached skill level 2 in Transmutations
    44 | D:1      | Reached XP level 2. HP: 15/19 MP: 0/7
   214 | D:3      | Reached skill level 5 in Spellcasting
   214 | D:3      | Reached XP level 3. HP: 25/25 MP: 6/9
   254 | D:2      | Learned a level 2 spell: Passwall
   270 | D:3      | Noticed Robin
   292 | D:3      | Found a shattered altar of Ashenzari.
   294 | D:3      | Noticed Grinder
   358 | D:3      | Found a hazy altar of Hepliaklqana.
   360 | D:3      | Found a sparkling altar of Nemelex Xobeh.
   365 | D:3      | Found a glowing golden altar of the Shining One.
   365 | D:3      | Found a glowing silver altar of Zin.
   367 | D:3      | Found a white marble altar of Elyvilon.
   381 | D:4      | Found a glowing drain.
   387 | D:4      | Reached skill level 1 in Fighting
   387 | D:4      | Reached skill level 1 in Short Blades
   387 | D:4      | Reached skill level 1 in Long Blades
   387 | D:4      | Reached skill level 1 in Axes
   387 | D:4      | Reached skill level 1 in Maces & Flails
   387 | D:4      | Reached skill level 1 in Polearms
   387 | D:4      | Reached skill level 1 in Staves
   387 | D:4      | Reached skill level 1 in Slings
   387 | D:4      | Reached skill level 1 in Bows
   387 | D:4      | Reached skill level 1 in Crossbows
   387 | D:4      | Reached skill level 1 in Throwing
   387 | D:4      | Reached skill level 1 in Armour
   387 | D:4      | Reached skill level 1 in Shields
   387 | D:4      | Reached skill level 1 in Unarmed Combat
   387 | D:4      | Reached skill level 1 in Invocations
   387 | D:4      | Reached skill level 1 in Evocations
   413 | D:4      | Reached XP level 4. HP: 27/32 MP: 11/11
   433 | Sewer    | Entered a sewer
   512 | Sewer    | Got a smelly ring mail
   523 | Sewer    | Identified the cursed +1 ring mail of Xofumum {rF+ Int+2 Stlth-} (You found it in a sewer)
   563 | Sewer    | Learned a level 3 spell: Stone Arrow
   577 | D:3      | Reached skill level 1 in Conjurations
   577 | D:3      | Reached skill level 1 in Hexes
   577 | D:3      | Reached skill level 1 in Charms
   577 | D:3      | Reached skill level 1 in Summonings
   577 | D:3      | Reached skill level 1 in Necromancy
   577 | D:3      | Reached skill level 1 in Translocations
   577 | D:3      | Reached skill level 1 in Fire Magic
   577 | D:3      | Reached skill level 1 in Ice Magic
   577 | D:3      | Reached skill level 1 in Air Magic
   577 | D:3      | Reached skill level 1 in Poison Magic
   658 | D:5      | Entered Level 5 of the Dungeon
   658 | D:5      | Noticed a necrophage
   660 | D:5      | Killed a necrophage
   660 | D:5      | Reached XP level 5. HP: 37/37 MP: 9/12
   680 | D:5      | Learned a level 4 spell: Petrify
   806 | D:4      | Found a staircase to the Ecumenical Temple.
   814 | Temple   | Entered the Ecumenical Temple
   848 | Temple   | Became a worshipper of Cheibriados the Contemplative
   891 | D:5      | Reached XP level 6. HP: 33/44 MP: 5/13
   926 | D:6      | Reached skill level 2 in Invocations
   949 | D:6      | Noticed Prince Ribbit
   949 | D:6      | Reached skill level 2 in Fighting
   949 | D:6      | Reached skill level 2 in Short Blades
   949 | D:6      | Reached skill level 2 in Long Blades
   949 | D:6      | Reached skill level 2 in Axes
   949 | D:6      | Reached skill level 2 in Maces & Flails
   949 | D:6      | Reached skill level 2 in Polearms
   949 | D:6      | Reached skill level 2 in Staves
   949 | D:6      | Reached skill level 2 in Slings
   949 | D:6      | Reached skill level 2 in Bows
   949 | D:6      | Reached skill level 2 in Crossbows
   949 | D:6      | Reached skill level 2 in Throwing
   949 | D:6      | Reached skill level 2 in Armour
   949 | D:6      | Reached skill level 5 in Dodging
   949 | D:6      | Reached skill level 2 in Shields
   949 | D:6      | Reached skill level 2 in Unarmed Combat
   949 | D:6      | Reached skill level 2 in Evocations
   966 | D:6      | Gained mutation: You are weak. (Str -2) [potion of mutation]
   966 | D:6      | Gained mutation: You have large cloven feet. [potion of mutation]
   967 | D:6      | Lost mutation: You are weak. (Str -2) [potion of mutation]
   967 | D:6      | Lost mutation: You have large cloven feet. [potion of mutation]
   967 | D:6      | Gained mutation: Your flesh is cold resistant. (rC+) [potion of mutation]
   967 | D:6      | Gained mutation: You passively map a small area around you. [potion of mutation]
  1035 | D:6      | Killed Prince Ribbit
  1035 | D:6      | Reached XP level 7. HP: 26/50 MP: 8/15
  1046 | D:6      | Learned a level 5 spell: Lee's Rapid Deconstruction
  1117 | D:7      | Found Zuuvyigg's Assorted Antiques.
  1118 | D:7      | Reached skill level 2 in Conjurations
  1118 | D:7      | Reached skill level 2 in Hexes
  1118 | D:7      | Reached skill level 2 in Charms
  1118 | D:7      | Reached skill level 2 in Summonings
  1118 | D:7      | Reached skill level 2 in Necromancy
  1118 | D:7      | Reached skill level 2 in Translocations
  1118 | D:7      | Reached skill level 2 in Fire Magic
  1118 | D:7      | Reached skill level 2 in Ice Magic
  1118 | D:7      | Reached skill level 2 in Air Magic
  1118 | D:7      | Reached skill level 2 in Poison Magic
  1122 | D:7      | Bought a green potion for 30 gold pieces
  1129 | D:7      | Noticed a hippogriff
  1156 | D:7      | Reached skill level 3 in Transmutations
  1196 | D:7      | Reached skill level 5 in Stealth
  1234 | D:7      | Reached skill level 3 in Invocations
  1259 | D:8      | Reached * piety under Cheibriados
  1259 | D:8      | Reached XP level 8. HP: 57/57 MP: 13/16
  1329 | D:8      | Reached skill level 6 in Earth Magic
  1347 | D:8      | Reached skill level 3 in Fighting
  1347 | D:8      | Reached skill level 3 in Short Blades
  1347 | D:8      | Reached skill level 3 in Long Blades
  1347 | D:8      | Reached skill level 3 in Axes
  1347 | D:8      | Reached skill level 3 in Maces & Flails
  1347 | D:8      | Reached skill level 3 in Polearms
  1347 | D:8      | Reached skill level 3 in Staves
  1347 | D:8      | Reached skill level 3 in Slings
  1347 | D:8      | Reached skill level 3 in Bows
  1347 | D:8      | Reached skill level 3 in Crossbows
  1347 | D:8      | Reached skill level 3 in Throwing
  1347 | D:8      | Reached skill level 3 in Armour
  1347 | D:8      | Reached skill level 3 in Shields
  1347 | D:8      | Reached skill level 3 in Unarmed Combat
  1347 | D:8      | Reached skill level 3 in Evocations
  1353 | D:8      | Noticed wojtek's ghost (novice DsWz)
  1358 | D:8      | Noticed a queen bee
  1383 | D:7      | Noticed Joseph
  1384 | D:7      | HP: 3/58 [Joseph/sling bullet (12)]
  1384 | D:7      | Shot with a sling bullet by Joseph

Skill      XL: |  1  2  3  4  5  6  7  8 |
---------------+-------------------------+-----
Transmutations | 2 3 |  3.2
Spellcasting   | 5 |  5.8
Fighting       | 1 2 3 |  3.0
Short Blades   | 1 2 3 |  3.0
Long Blades    | 1 2 3 |  3.0
Axes           | 1 2 3 |  3.0
Maces & Flails | 1 2 3 |  3.0
Polearms       | 1 2 3 |  3.0
Staves         | 1 2 3 |  3.0
Slings         | 1 2 3 |  3.0
Bows           | 1 2 3 |  3.0
Crossbows      | 1 2 3 |  3.0
Throwing       | 1 2 3 |  3.0
Armour         | 1 2 3 |  3.0
Shields        | 1 2 3 |  3.0
Unarmed Combat | 1 2 3 |  3.0
Invocations    | 1 2 3 |  3.2
Evocations     | 1 2 3 |  3.0
Conjurations   | 1 2 |  2.4
Hexes          | 1 2 |  2.4
Charms         | 1 2 |  2.4
Summonings     | 1 2 |  2.4
Necromancy     | 1 2 |  2.4
Translocations | 1 2 |  2.4
Fire Magic     | 1 2 |  2.4
Ice Magic      | 1 2 |  2.4
Air Magic      | 1 2 |  2.4
Poison Magic   | 1 2 |  2.4
Dodging        | 5 |  5.5
Stealth        | 5 |  5.2
Earth Magic    | 6 |  6.0

Action                   |  1- 3 |  4- 6 |  7- 9 || total
-------------------------+-------+-------+-------++-------
Melee: Unarmed           |     1 |       |     2 ||     3
       Dagger            |     9 |    12 |     9 ||    30
       Bite              |     1 |     3 |       ||     4
       Flail             |       |     9 |       ||     9
 Cast: Sandblast         |    17 |    24 |    16 ||    57
       Passwall          |     6 |     8 |    10 ||    24
       Stone Arrow       |       |       |     1 ||     1
       Petrify           |       |       |     1 ||     1
Invok: Bend Time         |       |     1 |       ||     1
Evoke: Wand              |       |       |     4 ||     4
  Use: Potion            |       |     6 |       ||     6
       Scroll            |       |     9 |     3 ||    12
 Stab: Sleeping          |     4 |     8 |     9 ||    21
  Eat: Ration            |       |     2 |       ||     2
Armor: Robe              |     3 |       |     2 ||     5
       Ring mail         |       |     1 |       ||     1
       Skin              |       |       |     2 ||     2
Dodge: Dodged            |    21 |    10 |    15 ||    46
Block: Other             |       |     6 |     1 ||     7

Table legend:
 A = Turns spent in this place as a percentage of turns spent in the entire game.
 B = Non-inter-level travel turns spent in this place as a percentage of non-inter-level travel turns spent in the entire game.
 C = Inter-level travel turns spent in this place as a percentage of turns spent in this place.
 D = Turns resting spent in this place as a percentage of non-inter-level travel turns spent in this place.
 E = Turns spent auto-exploring this place as a percentage of non-inter-level travel turns spent in this place.
 F = Non-inter-level travel turns spent in this place divided by the number of levels of this place that you've seen.
                   A       B       C       D       E      F
               +-------+-------+-------+-------+-------+----------------------
         Total | 100.0 | 100.0 |   0.0 |   0.0 |   0.1 | 125.8
       Dungeon |  87.3 |  87.3 |   0.0 |   0.0 |   0.0 | 134.2
        Temple |   3.3 |   3.3 |   0.0 |   0.0 |   0.0 |  45.0
         Sewer |   9.5 |   9.5 |   0.0 |   0.0 |   1.5 | 131.0
               +-------+-------+-------+-------+-------+----------------------

Table legend:
 A = Kills in this place as a percentage of kills in entire the game.
 B = Kills by you in this place as a percentage of kills by you in the entire game.
 C = Kills by friends in this place as a percentage of kills by friends in the entire game.
 D = Other kills in this place as a percentage of other kills in the entire game.
 E = Experience gained in this place as a percentage of experience gained in the entire game.
 F = Experience gained in this place divided by the number of levels of this place that you have seen.
                   A       B       C       D       E      F
               +-------+-------+-------+-------+-------+----------------------
         Total | 100.0 | 100.0 |   N/A |   N/A | 100.0 | 127.4
       Dungeon |  94.4 |  94.4 |   N/A |   N/A |  98.9 | 153.9
         Sewer |   5.6 |   5.6 |   N/A |   N/A |   1.1 |  16.0
               +-------+-------+-------+-------+-------+----------------------

Vault maps used:
D:1:      dpeg_arrival_ternary
D:2:      elyvilon_altar_1
D:3:      nicolae_overflow_hidden_temple, evilmike_ruin_ashenzari, first_ration,
          dk_yredelemnul_ordeal, uniq_grinder, uniq_jessica,
          uniq_crazy_yiuf_cottage, uniq_robin
D:4:      minmay_temple_entry_junction, cheibrodos_sewer_entry_drain
D:5:      dk_noncrumbling_4, minmay_misc_feat_x
D:6:      uniq_blork_the_orc, uniq_prince_ribbit1
D:7:      amethyst_overflow_temple_binary, serial_shops, shop,
          minmay_liquid_box, uniq_joseph, uniq_menkaure
D:8:      erik_lair_orcish_takeover, david_nohive_1,
          nicolae_qazlal_eye_of_the_storm
Temple:   nicolae_temple_great_sept
Sewer:    kennysheep_door_sewer
